 Dungeon Crawl Stone Soup version 0.29-a0-919-gd064cfad1c (webtiles) character file.

Game seed: 11990388885523449219

227 IdlyInterested the Chiller (level 5, -2/38 HPs)
             Began as a Demonspawn Wanderer on July 26, 2022.
             Slain by an orc priest
             ... wielding a +2 hand axe of electrocution
              (13 damage)
             ... on level 4 of the Dungeon.
             The game lasted 00:14:11 (3742 turns).

IdlyInterested the Chiller (Demonspawn Wanderer)    Turns: 3742, Time: 00:14:12

Health: -2/38      AC: 13    Str: 14    XL:     5   Next: 70%
Magic:  5/6        EV: 10    Int: 18    God:
Gold:   181        SH:  9    Dex: 17    Spells: 2/6 levels left

rFire   . . .      SeeInvis .   e - +0 short sword (drain)
rCold   . . .      Faith    .   (no shield)
rNeg    . . .      Spirit   .   q - +2 scale mail of the Abyss {Str+2 Int+3 Dex+4}
rPois   .          Reflect  +   (no helmet)
rElec   .          Harm     .   v - +0 cloak
rCorr   .          Rampage  .   i - +1 pair of gloves
Will    .....                   (no boots)
Stlth   ..........              j - amulet of reflection
HPRegen 0.12/turn               (no ring)
MPRegen 0.10/turn               (no ring)

@: no status effects
A: icy blue scales 1, condensation shield
a: no special abilities


You were on level 4 of the Dungeon.
You visited 1 branch of the dungeon, and saw 4 of its levels.

You collected 181 gold pieces.

Inventory:

Hand Weapons
 e - a +0 short sword of draining (weapon)
 m - a +1 dagger of speed
 r - a +1 dagger of venom
Missiles
 c - 6 poisoned darts
Armour
 i - a +1 pair of gloves (worn)
 q - the +2 scale mail of the Abyss (worn) {Str+2 Int+3 Dex+4}
   (You took it off a hobgoblin on level 2 of the Dungeon)

   Str:       It affects your strength (+2).
   Int:       It affects your intelligence (+3).
   Dex:       It affects your dexterity (+4).
 v - a +0 cloak (worn)
Jewellery
 g - an amulet of the acrobat
 j - an amulet of reflection (around neck)
Wands
 d - a wand of polymorph (3)
 x - a wand of iceblast (2)
Scrolls
 b - a scroll of summoning
 f - a scroll of enchant weapon {unknown}
 n - a scroll of immolation
 o - a scroll of enchant armour
 s - a scroll of brand weapon
 t - a scroll of fog
 y - a scroll of magic mapping {unknown}
Potions
 a - a potion of haste
 h - a potion of brilliance
 k - a potion of attraction {unknown}
 l - 2 potions of heal wounds
 p - 3 potions of curing
 u - a potion of mutation {unknown}
 w - a potion of lignification {unknown}


   Skills:
 - Level 2.0 Fighting
 + Level 1.7 Short Blades
 * Level 0.1 Throwing
 - Level 1.0 Armour
 - Level 2.0 Dodging
 - Level 1.0 Stealth
 + Level 1.3 Spellcasting
 * Level 2.0 Hexes
 - Level 3.0 Summonings
 - Level 5.0 Ice Magic
 - Level 1.0 Evocations


You had 2 spell levels left.
You knew the following spells:

 Your Spells              Type           Power      Damage    Failure   Level
a - Summon Small Mammal   Summ           48%        N/A       24%         1
b - Summon Guardian Gole  Hex/Summ       10%        N/A       65%         3

Your spell library contained the following spells:

 Spells                   Type           Power      Damage    Failure   Level
 Freeze                   Ice            76%        1d9       11%         1
 Sublimation of Blood     Necr           1%         N/A       78%         2
 Wereblood                Tmut           1%         N/A       78%         2
 Ozocubu's Armour         Ice            19%        N/A       32%         3
 Call Canine Familiar     Summ           12%        N/A       58%         3
 Summon Ice Beast         Ice/Summ       15%        N/A       86%         4
 Gell's Gravitas          Tloc           1%         N/A       95%         3
 Lesser Beckoning         Tloc           1%         N/A       95%         3
 Teleport Other           Tloc           1%         N/A       95%         3
 Cause Fear               Hex            4%         N/A       98%         4
 Dragon Form              Tmut           0%         N/A       100%        7
 Ozocubu's Refrigeration  Ice            9%         4d6       100%        7
 Summon Hydra             Summ           6%         N/A       100%        7
 Dragon's Call            Summ           6%         N/A       100%        9


Dungeon Overview and Level Annotations

Branches:
Dungeon (4/15)
 Temple: D:4-7

Altars:
Ashenzari
Cheibriados

Annotations:
D:4 3 runed translucent doors


Innate Abilities, Weirdness & Mutations

You are partially covered in icy blue scales. (AC +2)
A meltable shield of frost defends you. (SH +4)


Message History

You are electrocuted!
The orc priest misses your bat. The jackal barely misses your bat.
Your bat closely misses the orc priest.
You hit the orc priest but do no damage.
You drain the orc priest.
The orc priest is heavily wounded.
Your bat hits the orc priest but does no damage.
The jackal bites your bat.
Your bat barely misses the orc priest.
The orc priest misses your bat. The orc priest closely misses you.
The orc misses your bat.
You barely miss the orc priest.
The orc priest is heavily wounded.
Your bat hits the orc priest but does no damage.
The orc priest barely misses your bat. The orc priest closely misses you.
The orc barely misses your bat. The jackal misses your bat.
Your bat hits the orc priest but does no damage.
You completely miss the orc priest.
The orc priest is heavily wounded.
Your bat hits the orc priest but does no damage.
You block the orc priest's attack.
You barely miss the orc priest.
The orc priest is heavily wounded.
Your bat hits the orc. The orc closely misses your bat.
The orc hits you but does no damage.
The orc priest hits you with a +2 hand axe of electrocution.
You are electrocuted!
* * * LOW HITPOINT WARNING * * *
You hit the orc priest but do no damage.
The orc priest is heavily wounded.
Your bat hits the orc but does no damage.
The orc priest misses you. You block the orc's attack.
The orc hits your bat with a +3 vorpal hand axe!
Your bat dies!
Your bat's corpse disappears in a puff of smoke!
The orc priest attacks as you move away!
The orc priest hits you but does no damage.
You block the orc's attack.
The orc priest attacks as you move away!
The orc priest hits you but does no damage.
You are electrocuted!
You die...

#######.#########........
..# #...<.....'........
#.# ###########........
#'####### ##........
........# #.........
........# #.########
........# #.# ........#
#.# ........# #@##h####
........# #oohh....
........# ##ooS....
......>.#


So..... ........##### ....... ............# ....... #...<......># .......
#...........# ....... #.##)###...## ....... You could see an orc priest (very
drained), an adder, 4 orcs, 2 jackals and a ball python.

Vanquished Creatures
  2 hounds (D:4)
  An iguana (D:4)
  6 adders
  2 dart slugs
  10 orcs
  5 endoplasms
  A giant cockroach (D:3)
  8 goblins
  4 hobgoblins
  3 jackals (D:1)
  A quokka (D:2)
  4 ball pythons
  2 bats (D:1)
  2 frilled lizards
  3 kobolds (D:2)
  3 rats
57 creatures vanquished.

Vanquished Creatures (collateral kills)
  An adder (D:2)
  A ball python (D:1)
  3 hobgoblins
  A frilled lizard (D:1)
  A kobold (D:1)
7 creatures vanquished.

Grand Total: 64 creatures vanquished

Notes
Turn   | Place    | Note
-------+----------+-------------------------------------------
     0 | D:1      | IdlyInterested the Demonspawn Wanderer began the quest for
                  | the Orb.
     0 | D:1      | IdlyInterested set off with the following items: a +0 club,
                  | a scroll of summoning, a +0 robe, a wand of polymorph (3);
                  | and the following spells available to memorise: Freeze,
                  | Summon Small Mammal, Ozocubu's Armour, Summon Guardian
                  | Golem, Summon Ice Beast.
     0 | D:1      | Reached XP level 1. HP: 13/13 MP: 2/2
     2 | D:1      | Learned a level 1 spell: Summon Small Mammal
   586 | D:1      | Gained mutation: You are partially covered in icy blue
                  | scales. (AC +2) [demonic ancestry]
   586 | D:1      | Reached XP level 2. HP: 19/20 MP: 1/3
   617 | D:1      | Reached skill level 1 in Fighting
   955 | D:1      | You fall into a shaft and drop 1 floor!
   965 | D:2      | Reached skill level 1 in Dodging
   979 | D:2      | Gained mutation: A meltable shield of frost defends you.
                  | (SH +4) [demonic ancestry]
   979 | D:2      | Reached XP level 3. HP: 26/26 MP: 2/4
  1289 | D:2      | Reached skill level 1 in Short Blades
  1359 | D:2      | Found a faded altar of an unknown god.
  1888 | D:2      | Identified the +2 scale mail of the Abyss {Str+2 Int+3
                  | Dex+4}
  2280 | D:3      | Reached XP level 4. HP: 27/32 MP: 5/5
  2335 | D:3      | Found a broken altar of Ashenzari.
  2583 | D:3      | Reached skill level 5 in Ice Magic
  2615 | D:3      | Learned a level 3 spell: Summon Guardian Golem
  3049 | D:4      | Reached skill level 1 in Hexes
  3049 | D:4      | Reached XP level 5. HP: 38/38 MP: 4/6
  3138 | D:4      | Reached skill level 1 in Armour
  3396 | D:4      | Found a runed translucent gate.
  3396 | D:4      | Found a runed translucent gate.
  3396 | D:4      | Found a runed translucent gate.
  3406 | D:4      | Reached skill level 1 in Stealth
  3425 | D:4      | Found a snail-covered altar of Cheibriados.
  3742 | D:4      | Slain by an orc priest

Illustrated notes

Levels and vault maps discovered:
D:1:      dpeg_arrival_orchard, layout_loops_ring, fountainhead
D:2:      layout_basic, shapermc_ecumenical_altar_starsandcircs
D:3:      layout_loops_cross, mainiacjoe_overflow_small_starburst,
          serial_rivers, chequers_serial_rivers_small_b,
          chequers_serial_rivers_small_a, chequers_serial_rivers_small_a,
          chequers_serial_rivers_micro_a
D:4:      layout_basic, mainiacjoe_overflow_boulevard,
          gammafunk_ghost_necromancy

Skill      XL: |  1  2  3  4  5 |
---------------+----------------+-----
Fighting       | 1 2 |  2.0
Dodging        | 1 2 |  2.0
Short Blades   | 1 |  1.7
Ice Magic      | 5 |  5.0
Hexes          | 1 2 |  2.0
Armour         | 1 |  1.0
Stealth        | 1 |  1.0
Throwing       | |  0.1
Spellcasting   | |  1.3
Summonings     | |  3.0
Evocations     | |  1.0

Action                   |  1- 3 |  4- 6 || total
-------------------------+-------+-------++-------
Melee: Dagger            |   149 |    90 ||   239
       Club              |    11 |       ||    11
       Short sword       |       |    60 ||    60
       Punch             |       |     1 ||     1
 Cast: Summon Small Mamm |    18 |    17 ||    35
  Use: Scroll            |     7 |     4 ||    11
 Stab: Sleeping          |     1 |       ||     1
       Distracted        |       |     3 ||     3
Armor: Robe              |     6 |       ||     6
       Leather armour    |     4 |       ||     4
       Ring mail         |    26 |       ||    26
       Scale mail        |     2 |    41 ||    43
Dodge: Dodged            |    63 |    35 ||    98
Block: Other             |    21 |    57 ||    78
       Reflection        |       |     1 ||     1

Table legend: (Time is in decaauts)
 A = Elapsed time spent in this place.
 B = Non-inter-level travel time spent in this place.
 C = Inter-level travel time spent in this place.
 D = Time resting spent in this place.
 E = Time spent auto-exploring this place.
 F = Levels seen in this place.
 G = Mean time per level.
                   A        B        C        D        E       F      G
               +--------+--------+--------+--------+--------+-----+--------+
         Total |   3674 |   3416 |    258 |    471 |   2075 |   4 |  918.5 |
       Dungeon |   3674 |   3416 |    258 |    471 |   2075 |   4 |  918.5 |
               +--------+--------+--------+--------+--------+-----+--------+

Top non-repeatable levels by time:
     D:1: 1147 daAuts
     D:3: 968 daAuts
     D:2: 925 daAuts
     D:4: 633 daAuts
